 Dungeon Crawl Stone Soup version 0.20.1-1-g8b1a95d (webtiles) character file.

69 GenChuck the Cudgeler (level 4, -1/44 HPs)
             Began as a Troll Berserker on Oct 25, 2017.
             Was a Believer of Trog.
             Killed from afar by an orc wizard (9 damage)
             ... with a magic dart
             ... on level 2 of the Dungeon.
             The game lasted 00:18:42 (1933 turns).

GenChuck the Cudgeler (Troll Berserker)             Turns: 1933, Time: 00:18:42

Health: -1/44      AC:  5    Str: 26    XL:     4   Next: 2%
Magic:  3/3        EV: 10    Int:  3    God:    Trog [**....]
Gold:   102        SH:  0    Dex:  9    Spells: 3/3 levels left

rFire    . . .     SeeInvis .   i - +0 whip
rCold    . . .     Gourm    +   (no shield)
rNeg     . . .     Faith    .   b - +0 animal skin
rPois    .         Spirit   .   (helmet restricted)
rElec    .         Reflect  .   (no cloak)
rCorr    .         Harm     .   (gloves unavailable)
MR       .....                  (boots unavailable)
Stlth    +.........             (no amulet)
Regen    0.6/turn               (no ring)
MPRegen  0.1/turn               (no ring)

@: berserk cooldown, slowed, very slow
A: unfitting armour, claws 3, fast metabolism 3, gourmand, regeneration 1,
shaggy fur 1, tough skin 2
a: Berserk, Trog's Hand, Burn Spellbooks, Renounce Religion


You were on level 2 of the Dungeon.
You worshipped Trog.
Trog was pleased with you.
You were very full.

You visited 1 branch of the dungeon, and saw 3 of its levels.

You collected 102 gold pieces.

Inventory:

Hand Weapons
 a - a +0 mace
 e - a +0 club
 i - a +0 whip (weapon)
 n - a +0 whip
 q - a +0 hunting sling
 y - a +0 whip
 B - a +0 dagger
Missiles
 j - 15 poisoned needles (quivered)
Armour
 b - a +0 animal skin (worn)
 f - a +0 scale mail
 k - a +0 leather armour
 l - a +0 robe
 v - a +0 centaur barding
 x - a +0 robe
 C - a +0 animal skin
 D - a cursed +0 ring mail
Wands
 z - a wand of paralysis (9/24)
Scrolls
 d - a scroll of enchant armour {unknown}
 g - a scroll of recharging {unknown}
 r - a scroll of blinking {unknown}
 s - a scroll of enchant weapon {unknown}
 u - 2 scrolls of remove curse {unknown}
 w - a scroll of fog {unknown}
 E - a scroll of magic mapping {unknown}
Potions
 h - 3 potions of might {unknown}
 p - a potion of curing {unknown}
 A - a potion of resistance {unknown}
Comestibles
 c - 3 bread rations
 m - 2 meat rations
 o - a royal jelly
 t - 3 fruits
 F - 3 chunks of flesh


   Skills:
 + Level 2.8 Fighting
 + Level 3.3 Maces & Flails
 + Level 3.2 Dodging


You had 3 spell levels left.
You didn't know any spells.

Dungeon Overview and Level Annotations

Branches:
Dungeon (3/15)

Altars:
Makhleb
Nemelex Xobeh
Trog
Yredelemnul

Annotations:
D:3 bmj180's ghost, amateur HOFi


Innate Abilities, Weirdness & Mutations

You are too large for most types of armour.
You have claws for hands.
Your metabolism is lightning-fast.
You like to eat raw meat.
Your natural rate of healing is unusually fast.
You are covered in fur. (AC +1)
You have very tough skin. (AC +2)


Message History

The orc wizard casts a spell at you. The puff of flame hits you!
* * * LOW HITPOINT WARNING * * *
The orc wizard hits you with a dagger.
* * * LOW HITPOINT WARNING * * *
The orc wizard hits you but does no damage.
The orc wizard hits you with a dagger.
* * * LOW HITPOINT WARNING * * *
The orc wizard completely misses you. The orc wizard barely misses you.
The orc wizard points at you and mumbles some strange words.
The puff of flame hits you!
* * * LOW HITPOINT WARNING * * *
The orc wizard hits you but does no damage.
The orc wizard gestures at you while chanting.
The magic dart hits you!
* * * LOW HITPOINT WARNING * * *
The orc wizard gestures at you while chanting.
The magic dart hits you!
You die...

.....#
#....⌠.⌠..........####
#.####
##.#.._..#.))<.......(
#.#
#.##⌠.⌠##...)....####
#.# #.##..###.⌠...⌠..#
#.# #.##.## #......###
#.# #..#.# #...⌠.##
#.# ##.#.####....##
#.# #.....##.#### #.#
#..@..##.# #.#
#.....##.# #.#
##oo.....# #.#
#....#### #.# #....#
#.# #..### #.#
######..## #.#
#......>.# #.#
#......).#


You could see 2 orc wizards.

Vanquished Creatures
  An adder (D:2)
  A worm (D:2)
  2 dart slugs
  3 leopard geckos
  An orc (D:2)
  A ball python (D:1)
  A giant cockroach (D:2)
  4 goblins
  6 hobgoblins
  5 jackals
  11 kobolds
  3 bats (D:1)
  4 frilled lizards
  4 rats (D:1)
  A plant (D:2)
48 creatures vanquished.

Notes
Turn   | Place    | Note
-------+----------+-------------------------------------------
     0 | D:1      | GenChuck the Troll Berserker began the quest for the Orb.
     0 | D:1      | Reached XP level 1. HP: 22/22 MP: 0/0
   102 | D:1      | Reached XP level 2. HP: 29/29 MP: 1/1
   753 | D:1      | Reached XP level 3. HP: 36/36 MP: 2/2
   763 | D:1      | Reached ** piety under Trog
  1155 | D:2      | Found a sparkling altar of Nemelex Xobeh.
  1388 | D:3      | Noticed bmj180's ghost (amateur HOFi)
  1499 | D:2      | Found a burning altar of Makhleb.
  1499 | D:2      | Found a basalt altar of Yredelemnul.
  1606 | D:2      | Found a bloodstained altar of Trog.
  1913 | D:2      | Reached XP level 4. HP: 44/44 MP: 3/3
  1933 | D:2      | Killed from afar by an orc wizard

Skill      XL: |  1  2  3 |
---------------+----------+-----
Maces & Flails | 3 |  3.3
Dodging        | 3 |  3.2
Fighting       | |  2.8

Action                   |  1- 3 |  4- 6 || total
-------------------------+-------+-------++-------
Melee: Mace              |    34 |       ||    34
       Whip              |   168 |    10 ||   178
Invok: Berserk           |     1 |       ||     1
  Eat: Chunk             |    23 |       ||    23
Armor: Animal skin       |    66 |    10 ||    76
Dodge: Dodged            |    94 |    13 ||   107
